 Dungeon Crawl Stone Soup version 0.24-a0-365-ga4d96b6e6e (webtiles) character file.

Game seed: 9525399193086089427

359 JellyEater the Digger (level 6, -1/32 HPs)
             Began as a Gargoyle Earth Elementalist on May 27, 2019.
             Killed by divine providence
             ... invoked by an orc priest
              (17 damage)
             ... on level 4 of the Dungeon.
             The game lasted 00:13:14 (3309 turns).

JellyEater the Digger (Gargoyle Earth Elementalist) Turns: 3309, Time: 00:13:17

Health: -1/32      AC: 10    Str: 12    XL:     6   Next: 65%
Magic:  1/12       EV: 12    Int: 17    God:
Gold:   35         SH:  0    Dex: 10    Spells: 4/13 levels left

rFire    . . .     SeeInvis .   p - +2 trident (pierce)
rCold    . . .     Gourm    .   (no shield)
rNeg     + . .     Faith    .   c - +1 robe
rPois    ∞         Spirit   .   s - +2 helmet
rElec    +         Reflect  .   (no cloak)
rCorr    .         Harm     .   (no gloves)
MR       .....                  (no boots)
Stlth    ++........             (no amulet)
HPRegen  0.10/turn              (no ring)
MPRegen  0.13/turn              (no ring)

@: very slightly contaminated
A: negative energy resistance 1, electricity resistance, unbreathing,
petrification resistance, rot immunity, AC +4
a: no special abilities


You were on level 4 of the Dungeon.
You were very hungry.

You visited 1 branch of the dungeon, and saw 4 of its levels.

You collected 197 gold pieces.
You spent 162 gold pieces at shops.

Inventory:

Hand Weapons
 k - a +0 mace
 p - a +2 trident of piercing (weapon)
Missiles
 b - 145 stones (quivered)
 h - 8 poisoned darts
Armour
 c - a +1 robe (worn)
 s - a +2 helmet (worn)
Scrolls
 a - a scroll of immolation
 n - 2 scrolls of magic mapping
 o - 2 scrolls of amnesia
 r - a scroll of remove curse
 x - a scroll of blinking
Potions
 e - a potion of cancellation
 f - a potion of brilliance {unknown}
 g - 2 potions of berserk rage
 i - 2 potions of ambrosia
 j - 3 potions of curing
 l - 2 potions of lignification {unknown}
 q - a potion of agility {unknown}
 t - a potion of haste {unknown}
 u - a potion of heal wounds {unknown}
 v - a potion of mutation {unknown}
 w - a potion of invisibility {unknown}
Comestibles
 d - 11 rations
 m - 2 chunks of flesh


   Skills:
 - Level 1.5 Dodging
 - Level 2.1 Stealth
 + Level 4.1 Spellcasting
 + Level 3.2 Conjurations
   Level 0.7 Transmutations
 + Level 6.0 Earth Magic


You had 4 spell levels left.
You knew the following spells:

 Your Spells              Type           Power        Failure   Level  Hunger
a - Sandblast             Erth           ###...       1%          1    None
b - Stone Arrow           Conj/Erth      ###...       7%          3    ###....
c - Lee's Rapid Deconstr  Erth           ###.......   34%         5    ######.

Your spell library contained the following spells:

 Spells                   Type           Power        Failure   Level  Hunger
 Passwall                 Tmut/Erth      ###.....     6%          2    ##.....
 Beastly Appendage        Tmut           #.....       12%         1    None
 Sticks to Snakes         Tmut           #.......     17%         2    ##.....
 Petrify                  Tmut/Erth      ###.....     36%         4    ####...
 Spider Form              Tmut/Pois      #.........   38%         3    ###....
 Ice Form                 Ice/Tmut       #.......     80%         4    ####...
 Blade Hands              Tmut           #.........   97%         5    ######.


Dungeon Overview and Level Annotations

Branches:
Dungeon (4/15)
 Temple: D:4-7

Altars:
Ru

Shops:
D:4 ?

Annotations:
D:3 2 transporters, Bikalo's ghost, weakling GrEE


Innate Abilities, Weirdness & Mutations

You are resistant to torment.
Your stone body is resilient. (AC +4)
You are immune to poison.
You resist negative energy. (rN+)
You are resistant to electric shocks. (rElec)
You can survive without breathing.
You are immune to petrification.
You are immune to rotting.


Message History

Casting: Lee's Rapid Deconstruction (very dangerous; 34% risk of failure)
Confirm with . or Enter, or press ? or * to list all spells.
Aiming: Sandblast (safe; 1% risk of failure)
Press: ? - help, Shift-Dir - straight line, f/p - orc
Aim: an orc The blast of sand hits the orc!!
You kill the orc!
b - 146 stones
Casting: Sandblast (safe; 1% risk of failure)
Confirm with . or Enter, or press ? or * to list all spells.
Aiming: Sandblast (safe; 1% risk of failure)
Press: ? - help, Shift-Dir - straight line, f - orc priest
Aim: an orc priest, wielding a -2 trident and wearing a +0 ring mail (severely wounded)
The blast of sand hits the orc priest but does no damage.
The orc priest is severely wounded.
b - 145 stones The orc priest calls down the wrath of Beogh upon you.
Beogh smites you!
Ouch! That really hurt!
You die...

#.#.......+.........'
#.##...#.##.........#
#÷##...#.###.......##
#........# ##.....##
#.##.#.### ##...##
#......# ##+##
####.### #.# #@#
#.ao)..# #.###..#
#..# #<.. ##.#. .#.
.# .


You could see a worker ant and an orc priest.

Vanquished Creatures
  Natasha (thrice) (D:2)
  A worker ant (D:4)
  2 orc wizards (D:3)
  Terence (D:2)
  Robin (D:2)
  7 adders
  3 worms
  A dart slug (D:1)
  3 leopard geckos
  5 orcs
  5 bats
  4 giant cockroaches
  21 goblins
  7 hobgoblins
  4 jackals (D:4)
  A quokka (D:2)
  4 ball pythons
  7 frilled lizards
  11 kobolds
  4 rats
95 creatures vanquished.

Notes
Turn   | Place    | Note
-------+----------+-------------------------------------------
     0 | D:1      | JellyEater the Gargoyle Earth Elementalist began the quest
                  | for the Orb.
     0 | D:1      | Reached XP level 1. HP: 10/10 MP: 3/3
   267 | D:1      | Reached XP level 2. HP: 15/15 MP: 5/5
   323 | D:1      | Reached skill level 4 in Earth Magic
   709 | D:2      | Noticed Natasha
   715 | D:2      | Reached XP level 3. HP: 16/19 MP: 3/6
   974 | D:2      | Learned a level 3 spell: Stone Arrow
  1061 | D:2      | Killed Natasha
  1061 | D:2      | Reached skill level 1 in Conjurations
  1061 | D:2      | Reached XP level 4. HP: 13/24 MP: 2/8
  1206 | D:2      | Noticed Terence
  1401 | D:2      | Killed Terence
  1401 | D:2      | Reached skill level 5 in Earth Magic
  1662 | D:2      | Reached XP level 5. HP: 28/28 MP: 9/9
  1672 | D:2      | Learned a level 5 spell: Lee's Rapid Deconstruction
  1677 | D:2      | Noticed Natasha
  1681 | D:2      | Killed Natasha
  1742 | D:2      | Found a sacrificial altar of Ru.
  1742 | D:2      | Noticed Robin
  1778 | D:2      | Killed Robin
  2213 | D:2      | Noticed Natasha
  2216 | D:2      | Killed Natasha
  2353 | D:3      | Reached XP level 6. HP: 30/32 MP: 11/11
  2471 | D:3      | Found a transporter.
  2488 | D:3      | Found a transporter.
  2488 | D:3      | Noticed Bikalo's ghost (weakling GrEE)
  3125 | D:4      | Reached skill level 6 in Earth Magic
  3147 | D:4      | Found Baph's Magic Scroll Shop.
  3155 | D:4      | Bought a scroll of enchant weapon for 90 gold pieces
  3155 | D:4      | Bought a scroll of identify for 24 gold pieces
  3155 | D:4      | Bought a scroll of identify for 24 gold pieces
  3155 | D:4      | Bought a scroll of identify for 24 gold pieces
  3309 | D:4      | Killed from afar by an orc priest

Levels and vault maps discovered:
D:1:      lemuel_arrival_river_ford, layout_rooms
D:2:      layout_loops_ring, nicolae_ru_great_annihilating_truth, uniq_natasha,
          uniq_terence, uniq_robin
D:3:      layout_basic, gammafunk_ghost_arena, first_ration,
          minmay_joined_circles
D:4:      layout_loops_corners, gammafunk_temple_overflow_forgotten,
          serial_shops, nicolae_shop_statue_plus, shop, uniq_sigmund

Skill      XL: |  1  2  3  4  5  6 |
---------------+-------------------+-----
Earth Magic    | 4 5 6 |  6.0
Spellcasting   | 3 4 |  4.1
Conjurations   | 1 2 3 |  3.2
Dodging        | |  1.5
Stealth        | |  2.1
Transmutations | |  0.7

Action                   |  1- 3 |  4- 6 || total
-------------------------+-------+-------++-------
Melee: Short sword       |    46 |     6 ||    52
       Club              |     1 |       ||     1
       Trident           |       |   181 ||   181
 Cast: Sandblast         |    17 |    12 ||    29
       Stone Arrow       |       |     4 ||     4
       Lee's Rapid Decon |       |     1 ||     1
  Use: Scroll            |     4 |    10 ||    14
 Stab: Sleeping          |     2 |    11 ||    13
       Paralysed         |       |     1 ||     1
  Eat: Chunk             |     1 |     7 ||     8
Armor: Robe              |    15 |    77 ||    92
Dodge: Dodged            |    34 |   123 ||   157

Table legend:
 A = Non-vault XP
 B = Vault XP
 C = Vault XP percentage of total XP
 D = Non-vault monster count
 E = Vault monster count
 F = Vault count percentage of total count
                 A         B        C        D         E       F
            +---------+---------+-------+---------+---------+-------
      Total |     359 |     154 |  30.0 |      67 |      28 |  29.5
            +---------+---------+-------+---------+---------+-------
        D:1 |      19 |       0 |   0.0 |      12 |       0 |   0.0
        D:2 |     170 |     122 |  41.8 |      28 |      17 |  37.8
        D:3 |     114 |      32 |  21.9 |      17 |      11 |  39.3
        D:4 |      56 |       0 |   0.0 |      10 |       0 |   0.0
            +---------+---------+-------+---------+---------+-------
